 Dungeon Crawl Stone Soup version 0.24.0-13-gcf9b319 (webtiles) character file.

Game seed: 13131680115373329775, levelgen mode: deterministic

1893 ClockworkOrrery the Shield-Bearer (level 9, -5/73 HPs)
             Began as a Gnoll Fighter on Feb 2, 2020.
             Slain by a slave (8 damage)
             ... led by Pikel
             ... on level 6 of the Dungeon.
             The game lasted 00:14:46 (6969 turns).

ClockworkOrrery the Shield-Bearer (Gnoll Fighter)   Turns: 6969, Time: 00:14:47

Health: -5/73      AC:  9    Str: 22    XL:     9   Next: 15%
Magic:  14/14      EV: 10    Int: 11    God:
Gold:   373        SH:  0    Dex: 14    Spells: 15/15 levels left

rFire    . . .     SeeInvis +   w - +1 dagger (vamp)
rCold    . . .     Gourm    .   c - +0 shield
rNeg     . . .     Faith    .   b - +0 scale mail
rPois    .         Spirit   .   A - +0 helmet
rElec    .         Reflect  .   (no cloak)
rCorr    .         Harm     .   (no gloves)
MR       .....                  (no boots)
Stlth    ..........             (no amulet)
HPRegen  0.22/turn              n - ring of see invisible
MPRegen  0.14/turn              (no ring)

@: confused
A: distributed training, fangs 1, strong nose
a: no special abilities


You were on level 6 of the Dungeon.
You were not hungry.

You visited 1 branch of the dungeon, and saw 6 of its levels.

You collected 373 gold pieces.

Inventory:

Hand Weapons
 a - a +0 flail
 r - a +0 dagger of venom
 w - a +1 vampiric dagger (weapon)
 D - a +1 dagger of electrocution
Armour
 b - a +0 scale mail (worn)
 c - a +0 shield (worn)
 i - a +2 robe of fire resistance
 x - a +2 robe of magic resistance
 A - a +0 helmet (worn)
 E - a +2 leather armour of poison resistance
Jewellery
 n - a ring of see invisible (left hand)
 C - an uncursed ring of stealth {unknown}
Wands
 u - a wand of acid (8)
Scrolls
 e - 3 scrolls of remove curse
 g - a scroll of identify
 h - a scroll of immolation {unknown}
 m - 2 scrolls of magic mapping {unknown}
 p - 5 scrolls of amnesia {unknown}
 q - 3 scrolls of teleportation {unknown}
 t - 3 scrolls of enchant armour {unknown}
 v - 2 scrolls of fog {unknown}
 y - 3 scrolls of enchant weapon {unknown}
 F - a scroll of fear {unknown}
Potions
 d - a potion of might
 j - a potion of cancellation {unknown}
 k - 2 potions of heal wounds {unknown}
 l - 2 potions of ambrosia
 o - a potion of degeneration {unknown}
 s - a potion of lignification {unknown}
 z - a potion of curing {unknown}
 B - a potion of agility {unknown}
 H - a potion of flight {unknown}
Comestibles
 f - 6 rations


   Skills:
 + Level 7.7 Fighting
 + Level 3.9 Short Blades
 + Level 3.9 Long Blades
 + Level 3.9 Axes
 + Level 6.1 Maces & Flails
 + Level 3.9 Polearms
 + Level 3.9 Staves
 + Level 3.9 Slings
 + Level 3.9 Bows
 + Level 3.9 Crossbows
 + Level 3.9 Throwing
 + Level 7.7 Armour
 + Level 3.9 Dodging
 + Level 3.9 Stealth
 + Level 7.7 Shields
 + Level 3.9 Unarmed Combat
 + Level 3.9 Spellcasting
 + Level 3.2 Conjurations
 + Level 3.2 Hexes
 + Level 3.2 Charms
 + Level 3.2 Summonings
 + Level 3.2 Necromancy
 + Level 3.2 Translocations
 + Level 3.2 Transmutations
 + Level 3.2 Fire Magic
 + Level 3.2 Ice Magic
 + Level 3.2 Air Magic
 + Level 3.2 Earth Magic
 + Level 3.2 Poison Magic
 + Level 4.2 Invocations
 + Level 3.9 Evocations


You had 15 spell levels left.
You didn't know any spells.
Your spell library was empty.

Dungeon Overview and Level Annotations

Branches:
Dungeon (6/15)
 Temple: D:4-7

Altars:
Fedhas
Hepliaklqana
Nemelex Xobeh
Okawaru
Sif Muna
Xom
Yredelemnul

Annotations:
D:6 Pikel


Innate Abilities, Weirdness & Mutations

Your experience applies equally to all skills.
You have very sharp teeth.
Your uncanny sense of smell can sniff out nearby items.


Message History

Pikel closely misses you. The slave hits you but does no damage.
The slave hits you.
* * * LOW HITPOINT WARNING * * *
The slave barely misses you.
You bump into the rock wall.
Pikel barely misses you. The slave closely misses you.
The slave hits you but does no damage. The slave closely misses you.
You closely miss Pikel.
Pikel is moderately wounded.
Pikel barely misses you. The slave closely misses you.
You barely miss the slave. The slave closely misses you.
The slave barely misses you.
Pikel hits you with a +1 whip of electrocution.
You are electrocuted!!
* * * LOW HITPOINT WARNING * * *
The slave barely misses you.
You're too confused to move!
The slave hits you!
* * * LOW HITPOINT WARNING * * *
The slave hits you!
You die...

.##.......# #.#
#.######
.####.##########.#
#.# #.# ......##
#.# #.# #####...##
#.# #.# #
.........### #.#
#.#
#.#####......####.#
#..
..................#
##
#......pp#..<######
#......p@#####
########K# #p# #.#
#.# #.# #.########
#........#
##.######.#


You could see Pikel and 4 slaves.

Vanquished Creatures
  Grinder (D:3)
  Sigmund (D:2)
  Menkaure (D:6)
  Duvessa (D:6)
  2 sky beasts
  2 ogres
  A centaur (D:5)
  A bullfrog (D:6)
  Dowan (D:6)
  A scorpion (D:4)
  A howler monkey (D:6)
  A bullfrog zombie (D:6)
  A centaur zombie (D:5)
  3 orc priests
  2 hounds
  A centaur skeleton (D:5)
  Jessica (D:2)
  Terence (D:3)
  An orc wizard (D:4)
  2 worker ants
  A hound skeleton (D:6)
  A worker ant zombie (D:6)
  5 gnolls
  10 adders
  3 oozes
  An adder zombie (D:5)
  An adder skeleton (D:4)
  7 dart slugs
  2 worms
  8 leopard geckos
  10 orcs
  3 ball pythons
  6 giant cockroaches
  9 goblins
  9 hobgoblins
  7 jackals
  10 kobolds
  2 quokkas (D:4)
  4 bats
  12 frilled lizards
  7 rats
144 creatures vanquished.

Notes
Turn   | Place    | Note
-------+----------+-------------------------------------------
     0 | D:1      | ClockworkOrrery the Gnoll Fighter began the quest for the
                  | Orb.
     0 | D:1      | Reached XP level 1. HP: 23/23 MP: 1/1
    94 | D:1      | Reached XP level 2. HP: 16/29 MP: 2/2
   528 | D:1      | Reached XP level 3. HP: 35/35 MP: 3/3
   580 | D:1      | Reached skill level 1 in Invocations
   725 | D:1      | Reached skill level 1 in Short Blades
   725 | D:1      | Reached skill level 1 in Long Blades
   725 | D:1      | Reached skill level 1 in Axes
   725 | D:1      | Reached skill level 1 in Polearms
   725 | D:1      | Reached skill level 1 in Staves
   725 | D:1      | Reached skill level 1 in Slings
   725 | D:1      | Reached skill level 1 in Bows
   725 | D:1      | Reached skill level 1 in Crossbows
   725 | D:1      | Reached skill level 1 in Throwing
   725 | D:1      | Reached skill level 1 in Dodging
   725 | D:1      | Reached skill level 1 in Stealth
   725 | D:1      | Reached skill level 1 in Unarmed Combat
   725 | D:1      | Reached skill level 1 in Spellcasting
   725 | D:1      | Reached skill level 1 in Evocations
  1042 | D:2      | Noticed Jessica
  1050 | D:2      | Killed Jessica
  1050 | D:2      | Reached XP level 4. HP: 23/41 MP: 5/5
  1340 | D:2      | Noticed Sigmund
  1348 | D:2      | Killed Sigmund
  1348 | D:2      | Reached skill level 1 in Conjurations
  1348 | D:2      | Reached skill level 1 in Hexes
  1348 | D:2      | Reached skill level 1 in Charms
  1348 | D:2      | Reached skill level 1 in Summonings
  1348 | D:2      | Reached skill level 1 in Necromancy
  1348 | D:2      | Reached skill level 1 in Translocations
  1348 | D:2      | Reached skill level 1 in Transmutations
  1348 | D:2      | Reached skill level 1 in Fire Magic
  1348 | D:2      | Reached skill level 1 in Ice Magic
  1348 | D:2      | Reached skill level 1 in Air Magic
  1348 | D:2      | Reached skill level 1 in Earth Magic
  1348 | D:2      | Reached skill level 1 in Poison Magic
  1348 | D:2      | Reached XP level 5. HP: 43/47 MP: 5/7
  1348 | D:2      | Reached XP level 6. HP: 49/53 MP: 5/8
  1444 | D:2      | Found a faded altar of an unknown god.
  1511 | D:2      | Found a shimmering altar of Xom.
  1511 | D:2      | Found a shimmering altar of Xom.
  1515 | D:2      | Found a shimmering altar of Xom.
  1515 | D:2      | Found a shimmering altar of Xom.
  1522 | D:2      | Found a shimmering altar of Xom.
  2067 | D:3      | Noticed Grinder
  2092 | D:3      | Killed Grinder
  2092 | D:3      | Reached skill level 5 in Maces & Flails
  2092 | D:3      | Reached XP level 7. HP: 14/59 MP: 8/10
  2269 | D:3      | Noticed Terence
  2280 | D:3      | Killed Terence
  2896 | D:3      | You fall into a shaft and drop 3 floors!
  3037 | D:6      | Found an iron altar of Okawaru.
  3123 | D:6      | Noticed Duvessa
  3124 | D:6      | Noticed Dowan
  3146 | D:6      | Killed Duvessa
  3179 | D:6      | Killed Dowan
  3179 | D:6      | Reached XP level 8. HP: 25/67 MP: 12/12
  3520 | D:6      | Got a pitted large shield
  3522 | D:6      | Identified the cursed +0 large shield "Riawy" {rC- rCorr
                  | Dex+8} (You found it on level 6 of the Dungeon)
  3658 | D:6      | Noticed Menkaure
  3676 | D:6      | Killed Menkaure
  4092 | D:6      | Noticed Pikel
  4120 | D:5      | Entered Level 5 of the Dungeon
  5703 | D:4      | Found a shimmering blue altar of Sif Muna.
  5799 | D:4      | Found a sparkling altar of Nemelex Xobeh.
  5799 | D:4      | Found a basalt altar of Yredelemnul.
  5989 | D:4      | Found a blossoming altar of Fedhas.
  6027 | D:5      | Reached XP level 9. HP: 70/72 MP: 14/14
  6224 | D:5      | Found a hazy altar of Hepliaklqana.
  6969 | D:6      | HP: 3/73 [slave[Pikel] (8)]
  6969 | D:6      | Slain by a slave

Levels and vault maps discovered:
D:1:      matt_arrival_los_fun, layout_basic, minmay_vboxes
D:2:      layout_basic, first_ration, chequers_ecumenical_altar_simple_redux,
          xom_redecorated, uniq_jessica, uniq_sigmund
D:3:      layout_basic, dk_noncrumbling_4, uniq_terence, uniq_grinder
D:4:      layout_rooms, gammafunk_temple_overflow_elements, marbit_many_paths,
          kennysheep_mini_moat, chequers_serial_rivers_large_b
D:5:      layout_loops_ring, old_standard_altar, kennysheep_big_empty_room
D:6:      layout_loops_corners, okawaru_altar_gauntlet_db, uniq_menkaure,
          uniq_duvessa, uniq_pikel

Skill      XL: |  1  2  3  4  5  6  7  8  9 |
---------------+----------------------------+-----
Invocations    | 1 2 3 4 |  4.2
Short Blades   | 1 2 3 |  3.9
Long Blades    | 1 2 3 |  3.9
Axes           | 1 2 3 |  3.9
Polearms       | 1 2 3 |  3.9
Staves         | 1 2 3 |  3.9
Slings         | 1 2 3 |  3.9
Bows           | 1 2 3 |  3.9
Crossbows      | 1 2 3 |  3.9
Throwing       | 1 2 3 |  3.9
Dodging        | 1 2 3 |  3.9
Stealth        | 1 2 3 |  3.9
Unarmed Combat | 1 2 3 |  3.9
Spellcasting   | 1 2 3 |  3.9
Evocations     | 1 2 3 |  3.9
Conjurations   | 1 2 3 |  3.2
Hexes          | 1 2 3 |  3.2
Charms         | 1 2 3 |  3.2
Summonings     | 1 2 3 |  3.2
Necromancy     | 1 2 3 |  3.2
Translocations | 1 2 3 |  3.2
Transmutations | 1 2 3 |  3.2
Fire Magic     | 1 2 3 |  3.2
Ice Magic      | 1 2 3 |  3.2
Air Magic      | 1 2 3 |  3.2
Earth Magic    | 1 2 3 |  3.2
Poison Magic   | 1 2 3 |  3.2
Maces & Flails | 5 6 |  6.1
Fighting       | 7 |  7.7
Armour         | 7 |  7.7
Shields        | 7 |  7.7

Action                   |  1- 3 |  4- 6 |  7- 9 || total
-------------------------+-------+-------+-------++-------
Melee: Flail             |   108 |    57 |   145 ||   310
       Bite              |    11 |     4 |    90 ||   105
       Dagger            |       |       |   448 ||   448
  Use: Scroll            |       |       |     2 ||     2
       Potion            |       |       |     1 ||     1
  Eat: Chunk             |     1 |     3 |    16 ||    20
Armor: Scale mail        |    43 |    18 |   163 ||   224
Dodge: Dodged            |    43 |    12 |   210 ||   265
Block: Shield            |    71 |    25 |   320 ||   416
